AoeStats
← Kez

Nomad

509102298Analyzed
4v4 RM · 6d ago on Sep 25, 2026· 29m 31s· 8 players
Game mode
Random Map
Map size
231×231
Population
200
Speed
Normal
Resources
Standard
Victory
Conquest
Starting age
Dark Age
Ending age
Imperial Age
RankedLock teamsTeams togetherTeam positionsShared explorationLock speedFull tech treeHidden civsTurbo modeCheats
Victory
Defeat
🇨🇳 Dravidians · China
1334
+9
🇨🇳 Danes · China
1308
+10
1189
+15
🇦🇷 Vikings · Argentina
1102
+19
🇳🇱 Inca · Netherlands
1215
-15
🇫🇷 Italians · France
1170
-13
🇨🇳 Spanish · China
1163
-13
🇨🇳 Byzantines · China
1150
-12
cottage
5:12 Loom
15:07 Feudal Age
19:26 Castle Age
18:37 Wheelbarrow
17:46 Fishing Lines
20:19 Gillnets
21:48 Double-Bit Axe
23:41 Padded Archer Armor
26:27 Bloodlines
tretts
16:23 Feudal Age
19:21 Double-Bit Axe
21:54 Castle Age
20:30 Gold Mining
20:26 Horse Collar
20:36 Fishing Lines
22:43 Fletching
26:01 Bodkin Arrow
26:07 Loom
27:25 Bow Saw
32:04 Imperial Age
30:02 Padded Archer Armor
Kez
4:10 Loom
12:50 Feudal Age
17:06 Castle Age
15:28 Champi Runner
15:56 Fishing Lines
16:27 Double-Bit Axe
18:34 Champi Warrior
19:21 Scale Mail Armor
21:07 Squires
22:05 Fletching
22:32 Medium Warships
23:49 Gillnets
26:28 Horse Collar
26:59 Bow Saw
26:40 Stone Mining
370885147
6:01 Loom
18:04 Feudal Age
19:50 Wheelbarrow
19:00 Fishing Lines
19:24 Double-Bit Axe
25:23 Gold Mining
25:46 Stone Mining
29:25 Castle Age
_TY_梦涯
5:10 Loom
5:19 Loom
13:18 Feudal Age
14:39 Double-Bit Axe
19:18 Castle Age
17:20 Stone Mining
17:24 Gold Mining
18:34 Fishing Lines
20:04 Forging
20:06 Gillnets
20:28 Medium Warships
23:26 Clinker Construction
23:21 Fletching
CYJ8564
5:42 Loom
14:32 Feudal Age
20:54 Castle Age
19:12 Double-Bit Axe
20:27 Gold Mining
20:28 Fletching
20:39 Padded Archer Armor
20:42 Fishing Lines
23:23 Bow Saw
24:25 Bodkin Arrow
24:47 Leather Archer Armor
27:02 Gold Shaft Mining
天下第一假分哥
3:47 Loom
14:53 Feudal Age
15:46 Double-Bit Axe
16:43 Fishing Lines
18:18 Stone Mining
18:20 Gold Mining
24:08 Castle Age
23:16 Forging
23:07 Scale Mail Armor
25:14 Arson
26:38 Squires
28:16 Bow Saw
豹豹是只大猫咪
5:21 Loom
13:09 Feudal Age
17:53 Castle Age
15:40 Town Watch
16:31 Double-Bit Axe
16:30 Fishing Lines
21:41 Wheelbarrow
21:42 Horse Collar
23:04 Gillnets
25:42 Bow Saw
26:09 Gold Mining
29:44 Imperial Age
27:35 Scale Mail Armor
27:46 Forging
28:54 Chain Mail Armor
Connection lost

Rejoining the realm…

Still unreachable

The connection could not be restored.

Session expired

The server has moved on; the page needs a fresh start.